| TOP OF THE 1ST |
|
University of California Golden Bears batting - Pitching for Clemson University Tigers : RHP Richard Clements
|
|
Pitching: RHP Richard Clements
|
|
|
Batting: LHB Eric Gaugler
|
0-0: Ball 1-0: Ball 2-0: Fly out, F6 (Flyball, 56D, EV 93.1 MPH)
|
|
Batting: RHB Mario Diaz
|
0-0: Swinging Strike 0-1: Ground out 2-3 (Groundball, 2L, EV 71.2 MPH)
|
|
Batting: LHB Carlos Gaona
|
0-0: Ball 1-0: Ball 2-0: Ground out 4-3 (Groundball, 4, EV 106.2 MPH)
|
| Top of the 1st over - 0 runs, 0 hits, 0 errors, 0 left on base; University of California 0 - Clemson University 0 |
| BOTTOM OF THE 1ST |
|
Clemson University Tigers batting - Pitching for University of California Golden Bears : RHP Michito Higashi
|
|
Pitching: RHP Michito Higashi
|
|
|
Batting: RHB Jason Duncan
|
0-0: Ball 1-0: Ball 2-0: Called Strike 2-1: Swinging Strike 2-2: Ground out 6-3 (Groundball, 6, EV 82.5 MPH)
|
|
Batting: LHB Jayden Pelayo
|
0-0: Foul Ball, location: 2F 0-1: Foul Ball, location: 2F 0-2: Fly out, F8 (Flyball, 78M, EV 87.5 MPH)
|
|
Batting: RHB Chris Prinzing
|
0-0: Ball 1-0: Called Strike 1-1: Called Strike 1-2: Ball 2-2: Ball 3-2: Base on Balls
|
|
Batting: RHB Jorge Alva
|
0-0: Fly out, F8 (Flyball, 8LXD, EV 100.0 MPH)
|
| Bottom of the 1st over - 0 runs, 0 hits, 0 errors, 1 left on base; University of California 0 - Clemson University 0 |
| TOP OF THE 2ND |
|
University of California Golden Bears batting - Pitching for Clemson University Tigers : RHP Richard Clements
|
|
Batting: LHB Dick Shafer
|
0-0: Ball 1-0: Foul Ball, location: 2F 1-1: Ground out 6-3 (Groundball, 6M, EV 95.0 MPH)
|
|
Batting: RHB Alex Martinez
|
0-0: Called Strike 0-1: Fly out, F9 (Flyball, 89M, EV 90.6 MPH)
|
|
Batting: SHB Matsudaira Ikeda
|
0-0: Ball 1-0: Ball 2-0: Swinging Strike 2-1: Called Strike 2-2: SINGLE (Line Drive, 8LS, EV 91.2 MPH)
|
|
Batting: RHB Alex Guerra
|
0-0: Called Strike 0-1: Foul Ball, location: 2F 0-2: Ball 1-2: Ball Pickoff Throw by Catcher to First - Error! E2 Matsudaira Ikeda to second 2-2: Ball 3-2: Ground out 6-3 (Groundball, 6, EV 85.6 MPH)
|
| Top of the 2nd over - 0 runs, 1 hit, 1 error, 1 left on base; University of California 0 - Clemson University 0 |
| BOTTOM OF THE 2ND |
|
Clemson University Tigers batting - Pitching for University of California Golden Bears : RHP Michito Higashi
|
|
Batting: RHB Josh LeSage
|
0-0: Ball 1-0: Called Strike 1-1: Foul Ball, location: 2F 1-2: Foul Ball, location: 2F 1-2: Ball 2-2: SINGLE (Groundball, 56D, EV 97.5 MPH)
|
|
Batting: LHB John Rumbolt
|
0-0: Called Strike 0-1: Grounds into double play, 4-6-3 (Groundball, 4, EV 100.0 MPH)
|
|
Batting: RHB Ryan Thurston
|
0-0: Ball 1-0: Ball 2-0: Ball 3-0: Called Strike 3-1: Base on Balls
|
|
Batting: LHB Jackson Wither
|
0-0: Ball 1-0: Fly out, F7 (Flyball, 7S, EV 87.5 MPH)
|
| Bottom of the 2nd over - 0 runs, 1 hit, 0 errors, 1 left on base; University of California 0 - Clemson University 0 |
| TOP OF THE 3RD |
|
University of California Golden Bears batting - Pitching for Clemson University Tigers : RHP Richard Clements
|
|
Batting: RHB Kevin Harris
|
0-0: SOLO HOME RUN (Flyball, 8RXD, EV 115.0 MPH), Distance : 437 ft
|
|
Batting: RHB Kasey Sands
|
0-0: Called Strike 0-1: Called Strike 0-2: Strikes out looking
|
|
Batting: LHB Eric Gaugler
|
0-0: Foul Ball, location: 2F 0-1: Fly out, F8 (Flyball, 8RM, EV 96.2 MPH)
|
|
Batting: RHB Mario Diaz
|
0-0: Ball 1-0: Ball 2-0: Ball 3-0: Base on Balls
|
|
Batting: LHB Carlos Gaona
|
0-0: Ball 1-0: Ball 2-0: Ball 3-0: Base on Balls Mario Diaz to second
|
|
Batting: LHB Dick Shafer
|
0-0: Called Strike 0-1: Ball 1-1: Foul Ball, location: 2F 1-2: Strikes out swinging
|
| Top of the 3rd over - 1 run, 1 hit, 0 errors, 2 left on base; University of California 1 - Clemson University 0 |
| BOTTOM OF THE 3RD |
|
Clemson University Tigers batting - Pitching for University of California Golden Bears : RHP Michito Higashi
|
|
Batting: RHB Wayne Watson
|
0-0: Ball 1-0: Ball 2-0: Swinging Strike 2-1: Swinging Strike 2-2: Strikes out swinging
|
|
Batting: RHB Jason Duncan
|
0-0: Called Strike 0-1: Foul Ball, location: 2F 0-2: Ball 1-2: Foul Ball, location: 2F 1-2: Fly out, F8 (Flyball, 8LXD, EV 101.2 MPH)
|
|
Batting: LHB Jayden Pelayo
|
0-0: Foul Ball, location: 2F 0-1: Foul Ball, location: 2F 0-2: Foul Ball, location: 2F 0-2: Ball 1-2: Foul Ball, location: 2F 1-2: SOLO HOME RUN (Flyball, 89XD, EV 98.8 MPH), Distance : 404 ft
|
|
Batting: RHB Chris Prinzing
|
0-0: Ball 1-0: Foul Ball, location: 2F 1-1: Ball 2-1: Ball 3-1: Base on Balls
|
|
Batting: RHB Jorge Alva
|
0-0: Ball Chris Prinzing steals 2nd base 1-0: Called Strike 1-1: Foul Ball, location: 2F 1-2: Ball 2-2: Foul Ball, location: 2F 2-2: SINGLE (Line Drive, 6MD, EV 99.4 MPH) Chris Prinzing to third Runner from 3rd tries for Home, SAFE, throw by CF to home
|
|
Batting: RHB Josh LeSage
|
0-0: Ball 1-0: Foul Ball, location: 2F 1-1: Ball 2-1: Foul Ball, location: 2F Pickoff Throw to First - Out! 1-3
|
| Bottom of the 3rd over - 2 runs, 2 hits, 0 errors, 0 left on base; University of California 1 - Clemson University 2 |
| TOP OF THE 4TH |
|
University of California Golden Bears batting - Pitching for Clemson University Tigers : RHP Richard Clements
|
|
Batting: RHB Alex Martinez
|
0-0: Ball 1-0: Reached on error, E4 (Groundball, 4, EV 86.9 MPH)
|
|
Batting: SHB Matsudaira Ikeda
|
0-0: Fly out, F9 (Flyball, 9, EV 95.6 MPH)
|
|
Batting: RHB Alex Guerra
|
0-0: Ground out 1-3 (Groundball, 13S, EV 65.6 MPH) Alex Martinez to third
|
|
Batting: RHB Kevin Harris
|
0-0: Foul Ball, location: 2F 0-1: Foul Ball, location: 2F 0-2: Ball 1-2: Strikes out swinging
|
| Top of the 4th over - 0 runs, 0 hits, 1 error, 1 left on base; University of California 1 - Clemson University 2 |
| BOTTOM OF THE 4TH |
|
Clemson University Tigers batting - Pitching for University of California Golden Bears : RHP Michito Higashi
|
|
Batting: RHB Josh LeSage
|
0-0: Swinging Strike 0-1: Swinging Strike 0-2: Ball 1-2: Strikes out swinging
|
|
Batting: LHB John Rumbolt
|
0-0: SINGLE (Groundball, 4MD, EV 101.9 MPH)
|
|
Batting: RHB Ryan Thurston
|
0-0: Ball 1-0: Foul Ball, location: 2F 1-1: Called Strike 1-2: Ball 2-2: Foul Ball, location: 2F 2-2: Strikes out looking
|
|
Batting: LHB Jackson Wither
|
0-0: Ball 1-0: DOUBLE (Line Drive, 7LM, EV 105.6 MPH) John Rumbolt to third Runner from 3rd tries for Home, SAFE, throw by LF to trailing runner, SAFE at third!
|
|
Batting: RHB Wayne Watson
|
0-0: Ball 1-0: Foul Ball, location: 2F 1-1: Ground out 6-3 (Groundball, 6, EV 85.6 MPH)
|
| Bottom of the 4th over - 1 run, 2 hits, 0 errors, 1 left on base; University of California 1 - Clemson University 3 |
| TOP OF THE 5TH |
|
University of California Golden Bears batting - Pitching for Clemson University Tigers : RHP Richard Clements
|
|
Batting: RHB Kasey Sands
|
0-0: Ball 1-0: Called Strike 1-1: Foul Ball, location: 2F 1-2: SINGLE (Line Drive, 78S, EV 93.1 MPH)
|
|
Batting: LHB Eric Gaugler
|
0-0: Ball 1-0: Swinging Strike 1-1: Sac Bunt to 3S - play at first, batter OUT! 3-4 Kasey Sands to second
|
|
Batting: RHB Mario Diaz
|
0-0: Fly out, F8 (Flyball, 8RD, EV 98.8 MPH)
|
|
Batting: LHB Carlos Gaona
|
0-0: Foul Ball, location: 2F 0-1: Swinging Strike 0-2: Foul Ball, location: 2F 0-2: Fly out, F8 (Flyball, 8LM, EV 86.9 MPH)
|
| Top of the 5th over - 0 runs, 1 hit, 0 errors, 1 left on base; University of California 1 - Clemson University 3 |
| BOTTOM OF THE 5TH |
|
Clemson University Tigers batting - Pitching for University of California Golden Bears : RHP Michito Higashi
|
|
Batting: RHB Jason Duncan
|
0-0: Foul Ball, location: 2F 0-1: Fly out, F8 (Flyball, 8RD, EV 96.2 MPH)
|
|
Batting: LHB Jayden Pelayo
|
0-0: Ball 1-0: Foul Ball, location: 2F 1-1: Foul Ball, location: 2F 1-2: Ball 2-2: DOUBLE (Flyball, 78D, EV 103.8 MPH)
|
|
Pitching: LHP John van Asten
|
|
|
Batting: RHB Chris Prinzing
|
0-0: Ball 1-0: Fly out, F8 (Flyball, 8LD, EV 80.6 MPH)
|
|
Batting: RHB Jorge Alva
|
0-0: Ball 1-0: Ball 2-0: SINGLE (Line Drive, 3D, EV 98.8 MPH) Jayden Pelayo to third Runner from 3rd tries for Home, SAFE, throw by RF to home
|
|
Batting: RHB Josh LeSage
|
0-0: Called Strike 0-1: Swinging Strike 0-2: Ball 1-2: Ball 2-2: Ball 3-2: Foul Ball, location: 2F 3-2: Foul Ball, location: 2F 3-2: Base on Balls Jorge Alva to second
|
|
Batting: LHB John Rumbolt
|
0-0: Foul Ball, location: 2F 0-1: Ball 1-1: Foul Ball, location: 2F 1-2: Foul Ball, location: 2F 1-2: Ground out 3-1 (Groundball, 3L, EV 109.4 MPH)
|
| Bottom of the 5th over - 1 run, 2 hits, 0 errors, 2 left on base; University of California 1 - Clemson University 4 |
| TOP OF THE 6TH |
|
University of California Golden Bears batting - Pitching for Clemson University Tigers : RHP Richard Clements
|
|
Batting: LHB Dick Shafer
|
0-0: Hit by Pitch
|
|
Batting: RHB Alex Martinez
|
0-0: SINGLE (Groundball, 4M, EV 103.8 MPH) (infield hit) Dick Shafer to second
|
|
Batting: SHB Matsudaira Ikeda
|
0-0: Swinging Strike 0-1: Called Strike 0-2: Ball 1-2: Ball 2-2: Fly out, F7 (Flyball, 7D, EV 92.5 MPH)
|
|
Batting: RHB Alex Guerra
|
0-0: Called Strike 0-1: Foul Ball, location: 2F 0-2: SINGLE (Groundball, 6D, EV 95.6 MPH) Dick Shafer to third Alex Martinez to second
|
|
Batting: RHB Kevin Harris
|
0-0: Called Strike 0-1: Ball 1-1: Ball 2-1: Ball 3-1: Called Strike 3-2: Base on Balls Dick Shafer scores Alex Martinez to third Alex Guerra to second
|
|
Batting: RHB Kasey Sands
|
0-0: SINGLE (Groundball, 4D, EV 98.8 MPH) Alex Martinez scores Alex Guerra to third Kevin Harris to second Runner from 3rd tries for Home, SAFE, throw by RF to home
|
|
Pitching: RHP Santos Gonzales
|
|
|
Pinch Hitting: LHB Luis Orellana
|
0-0: Ball 1-0: Foul Ball, location: 2F 1-1: Ball 2-1: Foul Ball, location: 2F 2-2: Ball 3-2: SINGLE (Flyball, 8LS, EV 93.1 MPH) Kevin Harris to third Kasey Sands to second
|
|
Batting: RHB Mario Diaz
|
0-0: Ball 1-0: Ball 2-0: Called Strike 2-1: Foul Ball, location: 2F 2-2: Ball 3-2: Strikes out swinging
|
|
Batting: LHB Carlos Gaona
|
0-0: Called Strike 0-1: Swinging Strike 0-2: Ball 1-2: Strikes out swinging
|
| Top of the 6th over - 3 runs, 4 hits, 0 errors, 3 left on base; University of California 4 - Clemson University 4 |
| BOTTOM OF THE 6TH |
|
Clemson University Tigers batting - Pitching for University of California Golden Bears : LHP John van Asten
|
|
Pitching: RHP Howie Abrams
|
|
|
Now in CF: Luis Orellana
|
|
|
Batting: RHB Ryan Thurston
|
0-0: Fly out, F9 (Flyball, 89M, EV 93.8 MPH)
|
|
Batting: LHB Jackson Wither
|
0-0: Ball 1-0: Swinging Strike 1-1: Ball 2-1: Ball 3-1: Called Strike 3-2: Base on Balls
|
|
Batting: RHB Wayne Watson
|
0-0: Called Strike 0-1: Ball 1-1: Foul Ball, location: 2F 1-2: Ball 2-2: Ball 3-2: Strikes out swinging
|
|
Batting: RHB Jason Duncan
|
0-0: Called Strike 0-1: Ball 1-1: Foul Ball, location: 2F 1-2: Foul Ball, location: 2F 1-2: Ball 2-2: Foul Ball, location: 2F 2-2: Foul Ball, location: 2F 2-2: Foul Ball, location: 2F 2-2: Foul Ball, location: 2F 2-2: Ball 3-2: Fly out, F8 (Flyball, 8RM, EV 83.8 MPH)
|
| Bottom of the 6th over - 0 runs, 0 hits, 0 errors, 1 left on base; University of California 4 - Clemson University 4 |
| TOP OF THE 7TH |
|
University of California Golden Bears batting - Pitching for Clemson University Tigers : RHP Santos Gonzales
|
|
Batting: LHB Dick Shafer
|
0-0: Ball 1-0: Foul Ball, location: 2F 1-1: Ball 2-1: Ground out 5-3 (Groundball, 56S, EV 82.5 MPH)
|
|
Batting: RHB Alex Martinez
|
0-0: Ground out 6-3 (Groundball, 56D, EV 110.6 MPH)
|
|
Batting: SHB Matsudaira Ikeda
|
0-0: Ground out 6-3 (Groundball, 6, EV 83.1 MPH)
|
| Top of the 7th over - 0 runs, 0 hits, 0 errors, 0 left on base; University of California 4 - Clemson University 4 |
| BOTTOM OF THE 7TH |
|
Clemson University Tigers batting - Pitching for University of California Golden Bears : RHP Howie Abrams
|
|
Pitching: LHP Jimmy Bolton
|
|
|
Batting: LHB Jayden Pelayo
|
0-0: Ball 1-0: Called Strike 1-1: Foul Ball, location: 2F 1-2: Foul Ball, location: 2F 1-2: Foul Ball, location: 2F 1-2: Ball 2-2: Fly out, F9 (Flyball, 9D, EV 99.4 MPH)
|
|
Batting: RHB Chris Prinzing
|
0-0: SINGLE (Line Drive, 8LS, EV 103.1 MPH)
|
|
Batting: RHB Jorge Alva
|
0-0: Ball 1-0: Swinging Strike 1-1: Called Strike 1-2: Ball 2-2: Ball 3-2: Strikes out looking
|
|
Batting: RHB Josh LeSage
|
0-0: Foul Ball, location: 2F 0-1: Called Strike Chris Prinzing is caught stealing 2nd base 2-4
|
| Bottom of the 7th over - 0 runs, 1 hit, 0 errors, 0 left on base; University of California 4 - Clemson University 4 |
| TOP OF THE 8TH |
|
University of California Golden Bears batting - Pitching for Clemson University Tigers : RHP Santos Gonzales
|
|
Pinch Hitting: RHB Nate Mahon
|
0-0: Called Strike 0-1: Called Strike 0-2: Ball 1-2: Strikes out looking
|
|
Batting: RHB Kevin Harris
|
0-0: Ball 1-0: Ball 2-0: Ground out 4-3 (Groundball, 4M, EV 105.6 MPH)
|
|
Batting: RHB Kasey Sands
|
0-0: Ball 1-0: Called Strike 1-1: Called Strike 1-2: Strikes out looking
|
| Top of the 8th over - 0 runs, 0 hits, 0 errors, 0 left on base; University of California 4 - Clemson University 4 |
| BOTTOM OF THE 8TH |
|
Clemson University Tigers batting - Pitching for University of California Golden Bears : LHP Jimmy Bolton
|
|
Pitching: RHP Steve Clothier
|
|
|
Now in RF: Juan Debayle
|
|
|
Batting: RHB Josh LeSage
|
0-0: Foul Ball, location: 2F 0-1: Ball 1-1: Ball 2-1: Swinging Strike 2-2: Ground out 5-3 (Groundball, 56, EV 84.4 MPH)
|
|
Batting: LHB John Rumbolt
|
0-0: Foul Ball, location: 2F 0-1: Foul Ball, location: 2F 0-2: Ball 1-2: Strikes out swinging
|
|
Pinch Hitting: LHB Victor Reyna
|
0-0: Called Strike 0-1: TRIPLE (Flyball, 8LXD, EV 101.2 MPH)
|
|
Batting: LHB Jackson Wither
|
0-0: Ball 1-0: Swinging Strike 1-1: Called Strike 1-2: Ball 2-2: Foul Ball, location: 2F 2-2: Foul Ball, location: 2F 2-2: Foul Ball, location: 2F 2-2: Foul Ball, location: 2F 2-2: Strikes out looking
|
| Bottom of the 8th over - 0 runs, 1 hit, 0 errors, 1 left on base; University of California 4 - Clemson University 4 |
| TOP OF THE 9TH |
|
University of California Golden Bears batting - Pitching for Clemson University Tigers : RHP Santos Gonzales
|
|
Pitching: LHP Will West
|
|
|
Now in LF: Victor Reyna
|
|
|
Now in RF: Jason Duncan
|
|
|
Batting: LHB Luis Orellana
|
0-0: Called Strike 0-1: Ball 1-1: Called Strike 1-2: Ball 2-2: Ball 3-2: Foul Ball, location: 2F 3-2: Fly out, F8 (Flyball, 8RD, EV 93.1 MPH)
|
|
Batting: RHB Mario Diaz
|
0-0: Called Strike 0-1: Ball 1-1: Foul Ball, location: 2F 1-2: Foul Ball, location: 2F 1-2: Ball 2-2: Ball 3-2: Strikes out looking
|
|
Batting: LHB Carlos Gaona
|
0-0: Called Strike 0-1: Ball 1-1: Ground out 6-3 (Groundball, 6, EV 100.0 MPH)
|
| Top of the 9th over - 0 runs, 0 hits, 0 errors, 0 left on base; University of California 4 - Clemson University 4 |
| BOTTOM OF THE 9TH |
|
Clemson University Tigers batting - Pitching for University of California Golden Bears : RHP Steve Clothier
|
|
Pitching: LHP Leo Gomez
|
|
|
Pinch Hitting: RHB Juan Barela
|
0-0: Ball 1-0: Foul Ball, location: 2F 1-1: Ball 2-1: Foul Ball, location: 2F 2-2: Ground out 5-3 (Groundball, 56, EV 96.9 MPH)
|
|
Batting: RHB Jason Duncan
|
0-0: Ball 1-0: Foul Ball, location: 2F 1-1: Ball 2-1: SOLO HOME RUN (Flyball, 78XD, EV 101.9 MPH), Distance : 406 ft
|
| Bottom of the 9th over - 1 run, 1 hit, 0 errors, 0 left on base; University of California 4 - Clemson University 5 |
|